 Dungeon Crawl Stone Soup version 0.17.0-27-g4a3f43e (webtiles) character file.

10959 McCoppin the Spear-Bearer (level 11, -2/87 HPs)
             Began as a Merfolk Ice Elementalist on Nov 21, 2015.
             Was the Champion of Okawaru.
             Slain by a killer bee (7 damage)
             ... on level 2 of the Lair of Beasts.
             The game lasted 01:36:02 (14412 turns).

McCoppin the Spear-Bearer (MfIE)                   Turns: 14412, Time: 01:36:03

Health: -2/87      AC: 22    Str:  9      XL:     11   Next: 70%
Magic:  2/17       EV: 40    Int: 21 (22) God:    Okawaru [******]
Gold:   473        SH:  8    Dex: 23      Spells: 6 memorised, 0 levels left

rFire  . . .     SeeInvis .     B - +1 trident
rCold  . . .     Clarity  .     s - +0 troll leather armour
rNeg   . . .     SustAt   .     k - +2 buckler
rPois  .         Gourm    .     F - +2 helmet
rElec  .         Spirit   .     H - +0 cloak
rCorr  .         Warding  .     o - +0 pair of gloves
rMut   .         Stasis   .     (boots currently unavailable)
MR     .....                    J - amulet of faith
Stlth  ++++++....               a - +4 ring of protection
                                m - +6 ring of intelligence

@: agile, lethally poisoned (-2 -> -6), icy armour, about to teleport, heroism,
very slightly contaminated, very quick, not resistant to hostile enchantments,
very stealthy
A: change form in water, swift swim, thin skeletal structure 1, agile 1,
deterioration 1, shaggy fur 1, slow regeneration 1, weak 1
a: Heroism, Finesse, Renounce Religion


You were on level 2 of the Lair of Beasts.
You worshipped Okawaru.
Okawaru was exalted by your worship.
You were not hungry.

You visited 3 branches of the dungeon, and saw 13 of its levels.
You also visited: Sewer.

You collected 473 gold pieces.

Inventory:

Hand Weapons
 e - a +0 halberd
 g - a +0 club
 j - a +0 spear
 B - a +1 trident (weapon)
 X - the +10 rapier of the Dungeon {antimagic, rN+ Int+3}
   (You found it on level 9 of the Dungeon)

   It disrupts the flow of magical energy around spellcasters and certain
   magical creatures (including the wielder).
   It affects your intelligence (+3).
   It protects you from negative energy.
Missiles
 S - 24 poisoned needles
Armour
 k - a +2 buckler (worn)
 o - a +0 pair of gloves (worn)
 s - a +0 troll leather armour (worn)
 A - a +2 robe of magic resistance
 D - a +1 leather armour of cold resistance
 F - a +2 helmet (worn)
 H - a +0 cloak (worn)
 Q - a +1 hat
 Z - a +2 scale mail of cold resistance
Rods
 w - a -1 rod of inaccuracy (14/14)
   (You took it off an orc on level 4 of the Dungeon)
Jewellery
 a - a +4 ring of protection (right hand)
 d - an uncursed ring of fire
 m - a +6 ring of intelligence (left hand)
 p - an uncursed amulet of resist mutation
 J - an amulet of faith (around neck)
 P - an uncursed ring of poison resistance
 R - an uncursed ring of sustain attributes
Wands
 L - a wand of invisibility (2)
 V - a wand of cold (4)
 Y - a wand of disintegration (13)
Scrolls
 n - a scroll of recharging
 x - 3 scrolls of enchant weapon
 G - 7 scrolls of remove curse
 O - 2 scrolls of fog
Potions
 h - 5 potions of flight
 t - a potion of lignification
 v - 2 potions of resistance
 E - a potion of brilliance
Books
 b - a book of Frost

   Spells                             Type                      Level
   a - Freeze                         Ice                          1
   b - Throw Frost                    Conjuration/Ice              2
   c - Ozocubu's Armour               Charms/Ice                   3
   d - Throw Icicle                   Conjuration/Ice              4
   e - Summon Ice Beast               Ice/Summoning                4
   f - Condensation Shield            Ice                          4
 i - a book of Ice

   Spells                             Type                      Level
   a - Ice Form                       Ice/Transmutation            4
   b - Metabolic Englaciation         Hexes/Ice                    5
   c - Ozocubu's Refrigeration        Ice                          6
   d - Bolt of Cold                   Conjuration/Ice              6
   e - Freezing Cloud                 Conjuration/Ice/Air          6
   f - Simulacrum                     Ice/Necromancy               6
Comestibles
 c - 3 bread rations
 q - 10 slices of pizza
 r - 6 meat rations
 K - 12 fruits
 T - 2 beef jerkies


   Skills:
 * Level 8.8(13.8) Fighting
 - Level 14.1(19.1) Polearms
 * Level 10.5(15.5) Dodging
 - Level 2.1(7.1) Stealth
 - Level 4.2 Spellcasting
 - Level 0.7 Conjurations
 + Level 10.2 Ice Magic


You couldn't memorise any spells.
You knew the following spells:

 Your Spells              Type           Power        Failure   Level  Hunger
a - Freeze                Ice            ####         1%          1    None
b - Throw Frost           Conj/Ice       ####..       2%          2    #......
c - Condensation Shield   Ice            #####.....   2%          4    ####...
d - Ozocubu's Armour      Chrm/Ice       ####....     8%          3    ##.....
e - Summon Ice Beast      Ice/Summ       ####....     21%         4    ####...
f - Throw Icicle          Conj/Ice       ####....     17%         4    ####...


Dungeon Overview and Level Annotations

Branches:
Dungeon (10/15)            Temple (1/1) D:7            Lair (2/8) D:8
    Orc (0/4) D:9

Altars:
Ashenzari
Cheibriados
Dithmenos
Elyvilon
Fedhas
Gozag
Kikubaaqudgha
Makhleb
Nemelex Xobeh
Okawaru
Qazlal
Ru
Sif Muna
Trog
Vehumet
Xom
Yredelemnul
The Shining One

Shops:
D:4 ==   D:8 =


Innate Abilities, Weirdness & Mutations

You revert to your normal form in water.
You are very nimble and swift while swimming.
You have a somewhat thin skeletal structure (Dex +2, Stealth).
You are agile. (Dex +2)
Your body sometimes deteriorates upon taking damage.
You are covered in fur (AC +1).
You regenerate slowly when monsters are visible.
You are weak. (Str -2)


Message History

You feel sick. The killer bee completely misses you.
You block the killer bee's attack. The killer bee closely misses you.
The killer bee barely misses you. The killer bee completely misses you.
The killer bee barely misses you. The killer bee completely misses you.
The killer bee misses you.
The killer bee stings you but does no damage. x2
You puncture the killer bee!
You kill the killer bee!
Okawaru accepts your kill.
The killer bee completely misses you. x2
You block the killer bee's attack. The killer bee completely misses you.
The killer bee completely misses you. The killer bee closely misses you.
You block the killer bee's attack.
You miss the killer bee.
The killer bee is moderately wounded.
* * * LOW HITPOINT WARNING * * *
You feel sick. You block the killer bee's attack.
You block the killer bee's attack. The killer bee completely misses you.
The killer bee completely misses you. The killer bee stings you!
You die...

.#.#P.+.P#. ..
.#.........## ...
.P....≈≈≈...#....
.....≈≈≈≈...#.%..
.#.≈≈≈≈≈≈≈.......
.$..≈≈≈≈≈≈...%...
.#.≈≈≈≈≈≈.$.....%
...≈≈≈yy†<...#
...≈≈yy@y....#
#..≈≈≈yyy....#
#...≈≈≈≈..##P#
.....≈≈.### ##
#.##≈..≈# #
######


You could see 8 killer bees.

Vanquished Creatures
  A hydra (D:9)
  Erica (D:9)
  A hill giant (D:8)
  Joseph (D:9)
  A spiny frog (Lair:1)
  A fire drake (D:8)
  A tengu conjurer (D:10)
  A troll (D:9)
  2 yaks (D:9)
  5 wolves (Lair:1)
  Edmund (D:5)
  4 water moccasins
  An ice beast (D:6)
  3 hippogriffs
  2 porcupines (Lair:1)
  5 sky beasts
  A black bear (D:9)
  2 phantoms
  6 orc warriors
  A wasp (D:9)
  A necrophage (D:7)
  5 ogres
  A centaur (D:7)
  5 big kobolds
  6 giant frogs
  A crocodile (Lair:1)
  2 scorpions
  A water moccasin zombie (D:6)
  A wyvern skeleton (D:7)
  4 wights (D:6)
  18 killer bees
  3 crimson imps
  A jelly (D:6)
  A giant frog zombie (D:9)
  2 giant frog skeletons
  6 orc wizards
  2 quasits
  3 orc priests
  3 hounds
  7 worker ants
  3 iguanas
  7 sheep
  A hound skeleton (D:5)
  12 adders
  A gnoll (D:9)
  14 river rats (Lair:1)
  A shadow imp (D:9)
  An adder zombie (D:9)
  3 worms
  An adder skeleton (D:9)
  9 giant geckos
  34 orcs
  2 ball pythons
  8 bats
  7 giant cockroaches
  5 goblins (D:1)
  9 hobgoblins
  20 jackals
  4 quokkas
  7 giant newts
  A goblin skeleton (D:5)
  4 goblin zombies (D:5)
  4 hobgoblin zombies (D:5)
  8 kobolds
  2 kobold skeletons (D:5)
  A kobold zombie (D:5)
  An orc skeleton (D:5)
  12 rats
296 creatures vanquished.

Vanquished Creatures (collateral kills)
  A hydra (Lair:1)
  A hungry ghost (D:9)
  2 orc warriors (D:8)
  2 big kobolds (D:9)
  2 killer bees (Lair:2)
  3 gnolls (D:9)
  2 orcs
  A quokka (D:9)
14 creatures vanquished.

Vanquished Creatures (others)
  A giant frog skeleton (D:6)
  4 river rats (Lair:1)
  An orc (D:9)
  4 fungi
  2 plants
12 creatures vanquished.

Grand Total: 322 creatures vanquished

Notes
Turn   | Place    | Note
--------------------------------------------------------------
     0 | D:1      | McCoppin the Merfolk Ice Elementalist began the quest for the Orb.
     0 | D:1      | Reached XP level 1. HP: 13/13 MP: 3/3
     9 | D:1      | Noticed a centaur
   155 | D:1      | Reached XP level 2. HP: 17/19 MP: 5/5
   187 | D:1      | Reached skill level 4 in Ice Magic
   191 | D:1      | Learned a level 2 spell: Throw Frost
   663 | D:1      | Reached XP level 3. HP: 24/24 MP: 4/6
  1233 | D:2      | Found an opulent altar of Gozag.
  1244 | D:1      | Reached skill level 1 in Polearms
  1410 | D:1      | Gained mutation: Your body sometimes deteriorates upon taking damage. [potion of mutation]
  1410 | D:1      | Gained mutation: You are agile. (Dex +2) [potion of mutation]
  1410 | D:1      | Gained mutation: You are dopey. (Int -2) [potion of mutation]
  1452 | D:2      | Reached XP level 4. HP: 30/30 MP: 7/7
  2026 | D:2      | Learned a level 4 spell: Condensation Shield
  2470 | D:2      | Reached XP level 5. HP: 29/35 MP: 0/8
  2677 | D:2      | Reached skill level 5 in Polearms
  3456 | D:4      | Reached skill level 6 in Polearms
  3595 | D:4      | Found Siupn's Jewellery Shop.
  3723 | D:4      | Noticed an ogre
  3730 | D:4      | Reached skill level 7 in Polearms
  3730 | D:4      | Reached XP level 6. HP: 25/41 MP: 2/9
  3788 | D:4      | Killed an ogre
  3788 | D:4      | Reached skill level 8 in Polearms
  4072 | D:4      | Found Ciucruu's Jewellery Emporium.
  4307 | D:4      | Reached skill level 9 in Polearms
  4307 | D:4      | Reached XP level 7. HP: 32/46 MP: 1/10
  4820 | D:3      | Found a basalt altar of Yredelemnul.
  4867 | D:5      | Entered Level 5 of the Dungeon
  4925 | D:5      | Found a glowing golden altar of the Shining One.
  5011 | D:5      | Found a bloodstained altar of Trog.
  5045 | D:5      | Found a glowing drain.
  5051 | Sewer    | Entered a sewer
  5159 | Sewer    | Reached skill level 10 in Polearms
  5184 | Sewer    | Found a white marble altar of Elyvilon.
  5343 | D:5      | Found a white marble altar of Elyvilon.
  5611 | D:5      | Reached skill level 11 in Polearms
  5883 | D:5      | Noticed Edmund
  5920 | D:5      | Reached XP level 8. HP: 45/52 MP: 9/11
  5962 | D:5      | Learned a level 3 spell: Ozocubu's Armour
  6044 | D:5      | Killed Edmund
  6044 | D:5      | Reached skill level 12 in Polearms
  6957 | D:6      | Reached skill level 13 in Polearms
  6963 | D:6      | Found a snail-covered altar of Cheibriados.
  7755 | D:6      | Reached skill level 14 in Polearms
  7796 | D:6      | Found a stormy altar of Qazlal.
  7839 | D:6      | Reached skill level 1 in Fighting
  7839 | D:6      | Reached XP level 9. HP: 42/59 MP: 4/12
  7847 | D:6      | Reached skill level 5 in Ice Magic
  8388 | D:7      | Gained mutation: You regenerate slowly when monsters are visible. [mutagenic meat]
  8389 | D:7      | Lost mutation: You are dopey. (Int -2) [mutagenic meat]
  8390 | D:7      | Gained mutation: You have a somewhat thin skeletal structure (Dex +2, Stealth). [mutagenic meat]
  8391 | D:7      | Gained mutation: You are covered in fur (AC +1). [mutagenic meat]
  8393 | D:7      | Gained mutation: You are weak. (Str -2) [mutagenic meat]
  8395 | D:7      | Found a staircase to the Ecumenical Temple.
  8410 | Temple   | Entered the Ecumenical Temple
  8420 | Temple   | Became a worshipper of Warmaster Okawaru
  8804 | D:7      | Found an ancient bone altar of Kikubaaqudgha.
  8805 | D:7      | Found a shattered altar of Ashenzari.
  8833 | D:7      | Reached skill level 5 in Dodging
  8931 | D:7      | Reached * piety under Okawaru
  9051 | D:7      | Found a deep blue altar of Sif Muna.
  9244 | D:8      | Found a shimmering altar of Xom.
  9256 | D:8      | Found a shimmering altar of Xom.
  9256 | D:8      | Found a shimmering altar of Xom.
  9256 | D:8      | Found a shimmering altar of Xom.
  9256 | D:8      | Found a shimmering altar of Xom.
  9256 | D:8      | Found a shimmering altar of Xom.
  9256 | D:8      | Found a shimmering altar of Xom.
  9257 | D:8      | Found a shimmering altar of Xom.
  9303 | D:8      | Found Wicax's Jewellery Shop.
  9350 | D:8      | Noticed a hill giant
  9381 | D:8      | Killed a hill giant
  9381 | D:8      | Reached ** piety under Okawaru
  9381 | D:8      | Reached skill level 5 in Fighting
  9381 | D:8      | Reached XP level 10. HP: 53/74 MP: 2/13
  9494 | D:8      | Found a staircase to the Lair.
  9496 | D:8      | Noticed a fire drake
  9527 | D:8      | Killed a fire drake
  9624 | D:8      | Got a faintly humming plate armour
  9635 | D:8      | Identified the cursed +1 plate armour "Xohiyro" {Regen+} (You found it on level 8 of the Dungeon)
  9781 | D:8      | Found a radiant altar of Vehumet.
 10111 | D:9      | Got a shimmering rapier
 10112 | D:9      | Identified the +10 rapier of the Dungeon {antimagic, rN+ Int+3} (You found it on level 9 of the Dungeon)
 10310 | D:9      | Found a blossoming altar of Fedhas.
 10365 | D:9      | Noticed Joseph
 10533 | D:9      | Noticed Erica
 10545 | D:9      | Reached *** piety under Okawaru
 10988 | Lair:1   | Entered Level 1 of the Lair of Beasts
 11365 | Lair:1   | Upgraded the game from 0.17.0-26-gececa24 to 0.17.0-27-g4a3f43e
 11572 | Lair:1   | Reached **** piety under Okawaru
 12073 | Lair:1   | Reached skill level 10 in Ice Magic
 12092 | Lair:1   | Reached XP level 11. HP: 49/83 MP: 6/14
 12222 | Lair:1   | Noticed an eight-headed hydra
 12427 | D:8      | Learned a level 4 spell: Summon Ice Beast
 12453 | D:9      | Killed Erica
 12453 | D:9      | Reached ***** piety under Okawaru
 12557 | D:9      | Found a staircase to the Orcish Mines.
 13122 | D:9      | Noticed a three-headed hydra
 13139 | D:9      | Killed a three-headed hydra
 13454 | D:9      | Killed Joseph
 13454 | D:9      | Reached ****** piety under Okawaru
 13560 | D:9      | Found a shadowy altar of Dithmenos.
 13716 | D:10     | Entered Level 10 of the Dungeon
 13718 | D:10     | Reached skill level 10 in Dodging
 13729 | D:10     | Received a gift from Okawaru
 13790 | D:10     | Learned a level 4 spell: Throw Icicle
 14254 | Lair:1   | Killed an eight-headed hydra
 14412 | Lair:2   | Slain by a killer bee

Action                   |  1- 3 |  4- 6 |  7- 9 | 10-12 || total
-------------------------+-------+-------+-------+-------++-------
Melee: Club              |    29 |       |       |       ||    29
       Unarmed           |     1 |       |       |       ||     1
       Spear             |    30 |   155 |    49 |       ||   234
       Trident           |       |       |   497 |   729 ||  1226
 Cast: Freeze            |    34 |    38 |    36 |    39 ||   147
       Throw Frost       |     2 |    60 |    30 |    69 ||   161
       Condensation Shie |       |     1 |     4 |       ||     5
       Ozocubu's Armour  |       |       |    11 |    16 ||    27
       Summon Ice Beast  |       |       |       |    20 ||    20
       Throw Icicle      |       |       |       |     3 ||     3
Invok: Heroism           |       |       |       |     2 ||     2
Evoke: Wand              |       |       |       |     1 ||     1
  Use: Scroll            |     1 |     8 |     3 |     6 ||    18
       Potion            |     1 |       |     2 |    11 ||    14
 Stab: Sleeping          |     2 |     2 |     6 |     6 ||    16
       Distracted        |     1 |     1 |       |     6 ||     8
  Eat: Chunk             |     2 |    11 |    16 |    11 ||    40
       Bread ration      |       |     1 |     2 |     3 ||     6
       Pizza             |       |       |     1 |     1 ||     2
       Meat ration       |       |       |       |     1 ||     1
       Royal jelly       |       |       |       |     1 ||     1
